Map: King's Cove LE

Players

PeLLy

  • Race: Zerg Zerg
  • League: Diamond
  • Spawn Location: 5:00

Jaayy - Winner!

  • Race: Protoss Protoss
  • League: Diamond
  • Spawn Location: 11:00

VOD

Have the link to the VOD?

Description

Time

  • Played on: Aug. 16, 2019, 12:52 p.m.
  • Length: 9:06
Show
View Real Time Build Order
Export as new Build Order

PeLLy Zerg 

Build Orders: Pool First 

Get SALT Encoding   

  12  0:01  Drone  
  13  0:09  Drone  
  14  0:15  Extractor  
  14  0:16  Drone  
  15  0:23  Overlord  
  15  0:44  Drone, Spawning Pool  
  15  0:47  Drone  
  16  0:51  Drone  
  17  1:24  Drone x2  
  17  1:25  Hatchery  
  18  1:32  Zergling x2  
  18  1:36  Queen  
  21  1:41  Zergling x2  
  21  1:46  Extractor  
  21  1:55  Zergling x2  
  22  2:12  Overlord x2  
  22  2:30  Queen  
  22  2:32  Drone x2  
  26  2:42  Drone  
  26  2:43  Drone  
  28  2:59  Drone x6  
  34  3:05  Queen  
  34  3:08  Extractor  
  32  3:16  Drone x3  
  35  3:36  Hatchery  
  35  3:37  Drone x3  
  37  3:48  Drone x5  
  42  3:58  Overlord x2  
  42  4:04  Lair  
  42  4:15  Spore Crawler, Roach Warren  
  40  4:28  Drone x5, Evolution Chamber  
  40  4:30  Evolution Chamber  
  43  4:32  Extractor  
  42  4:40  Drone x2  
  42  4:41  Drone  
  42  4:44  Drone x3  
  48  4:51  Drone x4  
  48  4:52  Drone  
  53  5:03  Glial Reconstitution, Zerg Missile Weapons Level 1  
  53  5:06  Zerg Melee Weapons Level 1  
  53  5:09  Baneling Nest  
  52  5:17  Drone x4, Spore Crawler  
  52  5:21  Extractor, Roach x2  
  58  5:30  Overlord x2  
  58  5:33  Overlord  
  58  5:45  Overlord x2  
  58  5:50  Overseer  
  58  5:52  Centrifical Hooks  
  58  5:55  Roach x5  
  68  6:03  Roach x4  
  76  6:06  Roach  
  76  6:09  Overlord  
  78  6:19  Roach x4  
  86  6:26  Roach x4  
  86  6:31  Zergling x6  
  86  6:32  Zergling x2  
  98  6:33  Zergling x2  
  99  6:43  Overseer  
  99  6:52  Ravager x5  
  99  6:53  Ravager x2  
  106  7:06  Overlord  
  106  7:07  Overlord x3  
  106  7:10  Baneling x6  
  106  7:12  Baneling x2  
  106  7:15  Baneling x2  
  106  7:26  Roach x5  
  92  7:58  Roach x13  
  105  8:22  Roach x8  
  98  8:42  Roach x4  
Show
View Real Time Build Order
Export as new Build Order

Jaayy Protoss - Winner!

Build Orders: 1 Gate Expand 

Get SALT Encoding   

  12  0:02  Probe  
  13  0:14  Probe  
  14  0:21  Pylon  
  14  0:26  Probe  
  15  0:35  Probe  
  16  0:43  Probe  
  16  0:44  Gateway  
  17  0:53  Probe  
  17  0:54  Assimilator  
  18  1:05  Probe  
  19  1:17  Probe  
  20  1:29  Probe  
  21  1:40  Nexus  
  21  1:41  Probe  
  22  1:51  Cybernetics Core  
  22  1:53  Probe  
  23  2:07  Pylon, Probe  
  23  2:19  Probe, Assimilator  
  23  2:24  Warp Gate  
  23  2:30  Adept  
  23  2:31  Probe  
  26  2:40  Pylon  
  26  2:43  Probe  
  27  2:52  Adept  
  27  2:55  Probe  
  27  2:59  Probe  
  27  3:03  Pylon  
  29  3:07  Probe  
  27  3:17  Probe  
  27  3:20  Probe  
  27  3:25  Probe  
  29  3:32  Robotics Facility, Probe  
  31  3:35  Probe  
  31  3:40  Stalker  
  34  3:43  Probe  
  34  3:45  Probe  
  36  3:51  Probe  
  37  3:57  Probe  
  37  4:01  Gateway, Probe  
  38  4:07  Gateway  
  38  4:09  Probe  
  40  4:13  Probe  
  41  4:19  Observer  
  41  4:21  Probe  
  41  4:23  Probe  
  43  4:25  Pylon  
  44  4:31  Probe  
  44  4:33  Probe  
  44  4:34  Sentry  
  48  4:39  Assimilator  
  48  4:40  Probe  
  48  4:41  Assimilator  
  48  4:45  Probe  
  50  4:51  Immortal  
  50  4:52  Probe  
  55  4:57  Probe  
  56  5:00  Pylon  
  56  5:01  Probe  
  57  5:09  Probe  
  57  5:10  Sentry  
  57  5:11  Zealot  
  62  5:14  Probe  
  63  5:21  Probe  
  63  5:23  Pylon  
  63  5:25  Pylon  
  63  5:26  Probe  
  65  5:28  Pylon  
  65  5:31  Twilight Council  
  65  5:32  Forge  
  65  5:33  Probe  
  67  5:35  Observer  
  67  5:38  Probe  
  68  5:45  Probe  
  69  5:50  Probe  
  69  5:54  Protoss Ground Weapons Level 1  
  70  5:58  Probe  
  70  6:02  Probe  
  72  6:07  Charge  
  72  6:10  Probe  
  73  6:12  Forge  
  73  6:13  Gateway  
  73  6:14  Probe  
  73  6:16  Gateway  
  73  6:18  Gateway  
  74  6:20  Gateway  
  74  6:22  Probe  
  74  6:23  Sentry x2  
  74  6:24  Immortal  
  79  6:26  Probe  
  79  6:31  Protoss Ground Armor Level 1  
  80  6:34  Probe  
  80  6:38  Probe  
  86  6:44  Pylon  
  86  6:46  Pylon, Probe  
  87  6:51  Stalker x2  
  87  6:52  Stalker  
  93  6:55  Probe  
  93  7:01  Immortal, Probe  
  98  7:20  Stalker  
  100  7:23  Stalker x4  
  108  7:31  Immortal  
  92  7:41  Stalker x2  
  70  8:05  Stalker x3  
  70  8:06  Stalker x4  
  68  8:20  Immortal  
  59  8:35  Stalker x2  
  59  8:36  Stalker x4  
  59  8:39  Probe  
  59  8:40  Probe  
  73  8:53  Zealot  
Tags
 
Add a new tag
Caveats
  • Supply blocks, unpowered buildings, or Contaminate may cause inaccurate times.
  • Supply counts are checked every 10 seconds.